 Dungeon Crawl Stone Soup version 0.25.1-2-g60ff931df9 (webtiles) character file.

Game seed: 12697810696976128497

152 Delamore the Skirmisher (level 5, -4/33 HPs)
             Began as a Gargoyle Fighter on Sept 1, 2020.
             Slain by a gnoll
             ... wielding a +0 flail
              (11 damage)
             ... on level 3 of the Dungeon.
             The game lasted 00:01:52 (2140 turns).

Delamore the Skirmisher (Gargoyle Fighter)          Turns: 2140, Time: 00:01:53

Health: -4/33      AC: 13    Str: 20    XL:     5   Next: 34%
Magic:  5/5        EV:  7    Int:  9    God:
Gold:   82         SH:  9    Dex:  9    Spells: 4/4 levels left

rFire    . . .     SeeInvis .   m - +4 whip
rCold    . . .     Gourm    .   c - +0 kite shield
rNeg     + + .     Faith    .   b - +0 scale mail
rPois    ∞         Spirit   .   r - +0 helmet
rElec    +         Reflect  .   n - +0 cloak
rCorr    .         Harm     .   (no gloves)
MR       .....                  (no boots)
Stlth    ..........             (no amulet)
HPRegen  0.11/turn              e - ring of attention (curse)
MPRegen  0.09/turn              l - ring of positive energy

@: no status effects
A: negative energy resistance 1, electricity resistance, unbreathing,
petrification resistance, rot immunity, AC +4
a: no special abilities


You were on level 3 of the Dungeon.
You were not hungry.

You visited 1 branch of the dungeon, and saw 3 of its levels.

You collected 82 gold pieces.

Inventory:

Hand Weapons
 a - a +0 flail
 m - a +4 whip (weapon)
Missiles
 k - 8 boomerangs (quivered)
Armour
 b - a +0 scale mail (worn)
 c - a +0 kite shield (worn)
 n - a +0 cloak (worn)
 r - a +0 helmet (worn)
Jewellery
 e - a cursed ring of attention (left hand)
 l - a ring of positive energy (right hand)
 q - an uncursed ring of protection from cold {unknown}
Scrolls
 g - a scroll of identify {unknown}
 h - a scroll of fear {unknown}
 j - 2 scrolls of remove curse {unknown}
Potions
 d - a potion of might
 i - a potion of haste {unknown}
 o - 2 potions of curing {unknown}
 p - a potion of heal wounds {unknown}
Comestibles
 f - 3 rations
 s - 3 chunks of flesh


   Skills:
 + Level 4.3 Fighting
 + Level 3.1 Maces & Flails
 + Level 4.2 Armour
 + Level 4.2 Shields


You had 4 spell levels left.
You didn't know any spells.
Your spell library was empty.

Dungeon Overview and Level Annotations

Branches:
Dungeon (3/15)

Altars:

Annotations:
D:3 3 runed translucent doors, Colgate's ghost, amateur DEAE


Innate Abilities, Weirdness & Mutations

You are resistant to torment.
Your stone body is resilient. (AC +4)
You are immune to poison.
You resist negative energy. (rN+)
You are resistant to electric shocks. (rElec)
You can survive without breathing.
You are immune to petrification.
You are immune to rotting.


Message History

You are too injured to fight recklessly!
You are too injured to fight recklessly!
You see here a stone.
Things that are here:
a +0 whip; an orc corpse
Things that are here:
a +0 dagger; a +0 robe; an orc skeleton You see here a bat skeleton.
You closely miss the gnoll.
Your shield prevents you from hitting the gnoll.
The gnoll hits you with a +0 flail!
* * * LOW HITPOINT WARNING * * *
You hit the gnoll but do no damage. You block the gnoll's attack.
You hit the gnoll.
The gnoll is moderately wounded.
You block the gnoll's attack.
You hit the gnoll.
The gnoll is severely wounded.
The gnoll hits you with a +0 flail!
You die...

#.# #.#
#.# #g#
#g# #.#
#o#
####g####
#...@...#
#.......#
#.......#
#.......#
#.......#
#########


You could see 3 gnolls and an orc.

Vanquished Creatures
  An orc priest (D:3)
  Crazy Yiuf (D:2)
  An orc wizard (D:3)
  An adder (D:2)
  3 worms
  A dart slug (D:2)
  A leopard gecko (D:1)
  An orc (D:3)
  4 bats
  4 giant cockroaches
  6 goblins
  6 hobgoblins
  A jackal (D:1)
  3 kobolds
  A ball python (D:2)
  4 frilled lizards
  4 rats
43 creatures vanquished.

Notes
Turn   | Place    | Note
-------+----------+-------------------------------------------
     0 | D:1      | Delamore the Gargoyle Fighter began the quest for the Orb.
     0 | D:1      | Reached XP level 1. HP: 14/14 MP: 1/1
   182 | D:1      | Reached XP level 2. HP: 9/19 MP: 2/2
  1397 | D:2      | Reached XP level 3. HP: 24/24 MP: 3/3
  1537 | D:2      | Found a faded altar of an unknown god.
  1676 | D:2      | Reached XP level 4. HP: 29/29 MP: 4/4
  1829 | D:2      | Found a runed translucent door.
  1830 | D:2      | Noticed Crazy Yiuf
  1939 | D:2      | Killed Crazy Yiuf
  2030 | D:3      | Found a runed translucent gate.
  2030 | D:3      | Found a runed translucent gate.
  2036 | D:3      | Found a runed translucent gate.
  2043 | D:3      | Reached XP level 5. HP: 33/33 MP: 5/5
  2061 | D:3      | Noticed Colgate's ghost (amateur DEAE)
  2140 | D:3      | Slain by a gnoll

Illustrated notes

Levels and vault maps discovered:
D:1:      moated_graveyard_arrival, layout_loops_ring, chequers_big_river,
          chequers_serial_rivers_large_a, grunt_decor_one_mirror,
          corexii_hall_statues_s
D:2:      layout_basic, chequers_ecumenical_altar_twisty,
          uniq_crazy_yiuf_cottage
D:3:      layout_rooms, gammafunk_ghost_necromancy, first_ration, uniq_terence

Skill      XL: |  1  2  3  4 |
---------------+-------------+-----
Fighting       | 4 |  4.3
Shields        | 4 |  4.2
Maces & Flails | 3 |  3.1
Armour         | 4 |  4.2

Action                   |  1- 3 |  4- 6 || total
-------------------------+-------+-------++-------
Melee: Flail             |    42 |       ||    42
       Whip              |    90 |    34 ||   124
 Stab: Invisible         |       |     1 ||     1
  Eat: Chunk             |     3 |     1 ||     4
Armor: Scale mail        |    77 |    27 ||   104
Dodge: Dodged            |    46 |     4 ||    50
Block: Kite shield       |    54 |    23 ||    77
